Senateurs vs Flames

Created - 21 avril 2020 at 15:53

Goals
1 2 3 T
Senateurs 0 1 4 5
Flames 0 2 0 2
Shots
1 2 3 T
Senateurs 11 13 11 35
Flames 9 13 9 31

1st period

No Goal

Penalties :
Alex Chiasson (CAL) for Hooking (Minor) at 11:46

2nd period

1. Flames , Victor Hedman 6 (Alex Chiasson 23, Pavel Zacha 28) at 6:13
2. Flames , David Krejci 29 (Victor Hedman 37) at 8:43
3. Senateurs , Dustin Brown 25 (Frans Nielsen 37, Ryan Hartman 8) at 13:56

Penalties :
Jakub Voracek (OTT) for Tripping (Minor) at 0:22

3rd period

4. Senateurs , Dustin Brown 26 (Karl Alzner 10) at 7:55
5. Senateurs , Steven Stamkos 43 (Jakub Voracek 51, Jake McCabe 12) at 10:08
6. Senateurs , Loui Eriksson 11 (Christian Folin 13, Lucas Wallmark 7) at 11:53
7. Senateurs , Steven Stamkos 44 (Jakub Voracek 52) at 16:27

Penalties :
Victor Hedman (CAL) for Holding (Minor) at 1:06, Erik Haula (OTT) for Slashing (Minor) at 3:21, Dustin Brown (OTT) for Hooking (Minor) at 19:14

Goalie Stats

Mike Smith (OTT), 29 saves from 31 shots - (0,935), W, 31-20-8, 60:00 minutes
Carey Price (CAL), 30 saves from 35 shots - (0,857), L, 31-24-8, 60:00 minutes

Players Stats for Senateurs

Player Name              G  A  P  +/- PIM S  H  SB GA TA FO     MP     PP MP  PK MP  
------------------------------------------------------------------------------------
Christian Folin          0  1  1   3  0   1  0  3  0  1  0/0    15:25   0:00   0:00 
Devin Shore              0  0  0   0  0   0  1  0  0  0  2/5    11:16   0:00   0:00 
Dougie Hamilton          0  0  0   0  0   1  1  2  0  0  0/0    23:00   2:03   2:30 
Dustin Brown             2  0  2   2  2   3  1  0  0  1  0/1    17:54   2:09   1:19 
Erik Gustafsson          0  0  0   0  0   3  0  1  0  1  0/0    21:35   1:55   2:13 
Erik Haula               0  0  0   0  2   4  2  0  0  0  1/1    11:44   0:00   0:20 
Frans Nielsen            0  1  1   2  0   3  0  0  0  0  6/17   16:55   1:49   1:02 
Jake McCabe              0  1  1   0  0   2  2  4  0  3  0/0    21:35   1:55   2:13 
Jake Virtanen            0  0  0   0  0   1  1  0  0  0  1/1    13:07   0:00   1:51 
Jakub Voracek            0  2  2   0  2   5  0  0  1  0  0/0    19:57   2:09   1:09 
Jared McCann             0  0  0   0  0   1  1  1  1  1  0/1    19:53   1:49   1:31 
Karl Alzner              0  1  1   3  0   0  0  2  0  0  0/0    15:25   0:00   0:00 
Loui Eriksson            1  0  1   1  0   4  0  1  0  1  0/0     9:11   0:00   0:00 
Lucas Wallmark           0  1  1   1  0   0  1  1  0  0  1/3     9:11   0:00   0:00 
Nikita Zaitsev           0  0  0   0  0   0  2  2  0  0  0/0    23:00   2:03   2:30 
Ryan Hartman             0  1  1   1  0   2  1  0  1  0  0/1     9:11   0:00   0:00 
Steven Stamkos           2  0  2   0  0   5  0  1  0  1  15/26  21:02   2:09   2:14 
Tanner Pearson           0  0  0   2  0   0  2  0  0  0  1/2    15:53   1:49   0:00 

Players Stats for Flames

Player Name              G  A  P  +/- PIM S  H  SB GA TA FO     MP     PP MP  PK MP  
------------------------------------------------------------------------------------
Alex Biega               0  0  0   0  0   0  0  0  0  0  0/0    11:30   0:00   0:00 
Alex Chiasson            0  1  1   0  2   1  0  1  0  1  0/0    17:08   2:15   0:00 
Anders Lee               0  0  0   0  0   3  4  0  0  1  1/1    17:14   0:00   0:23 
David Kampf              0  0  0   0  0   3  1  1  0  0  7/12   13:06   0:00   0:42 
David Krejci             1  0  1   0  0   3  2  0  1  0  13/28  18:57   2:28   0:00 
David Savard             0  0  0  -2  0   1  1  1  0  1  0/0    23:24   1:59   1:37 
Drew Doughty             0  0  0  -2  0   1  2  4  1  0  0/0    27:50   2:44   1:37 
Jeff Carter              0  0  0   0  0   1  2  2  2  0  4/8    17:08   2:15   0:00 
Kevan Miller             0  0  0   0  0   0  1  0  0  0  0/0    13:29   0:00   2:21 
Leo Komarov              0  0  0  -3  0   1  0  0  0  0  0/1     9:28   0:00   1:58 
Nate Thompson            0  0  0  -3  0   0  0  2  0  0  2/2     9:28   0:00   1:58 
Nick Bjugstad            0  0  0   0  0   1  1  0  0  0  0/0    12:24   0:00   0:00 
Nick Jensen              0  0  0  -1  0   3  0  3  0  0  0/0    20:40   1:59   2:21 
Pavel Zacha              0  1  1   0  0   2  1  0  3  0  2/2    18:53   2:28   1:37 
Ryan Donato              0  0  0   0  0   4  1  0  0  0  0/0    15:46   2:15   1:18 
Sam Reinhart             0  0  0   0  0   1  0  0  1  0  0/0    18:57   2:28   0:00 
Victor Hedman            1  1  2  -1  2   6  3  0  1  0  0/0    23:09   2:44   0:00 
Victor Rask              0  0  0  -3  0   0  0  0  0  0  2/4     7:29   0:00   0:00 

3 Stars

1 - Dustin Brown (OTT)
2 - Steven Stamkos (OTT)
3 - Christian Folin (OTT)

Power Play

Senateurs - 0 on 2 Attempt(s) - 0,00%
Flames - 0 on 3 Attempt(s) - 0,00%

Penalty Kill

Senateurs - 3 on 3 Attempt(s) - 100,00% - Score 0 goal in Penalty Kill
Flames - 2 on 2 Attempt(s) - 100,00% - Score 0 goal in Penalty Kill

Team Stat

Senateurs - Hits : 15 - Faceoff Wins : 27 - Blocked Shots : 18 - Penalty Minutes : 6
Flames - Hits : 19 - Faceoff Wins : 31 - Blocked Shots : 14 - Penalty Minutes : 4

Official

Referees : Mike Hasenfratz and Greg Kimmerly
Linesman : John Grandt and Matt MacPherson

Game Notes

No Game Note

Finance

Level 1 -- Attendance: 4522 (75,37%) -- Ticket Income 452 200 $
Level 2 -- Attendance: 4596 (91,92%) -- Ticket Income 275 760 $
Level 3 -- Attendance: 1778 (88,90%) -- Ticket Income 62 230 $
Level 4 -- Attendance: 3576 (89,40%) -- Ticket Income 71 520 $
Luxury Box -- Attendance: 666 (66,60%) -- Ticket Income 133 200 $
Game was played at the Ghost Rider Center.
Total Attendance: 15138 (84,10%)
Total Ticket Income: 994 910 $
Other Income: 487 506 $
Total Income: 1 482 416 $

Senateurs

5 vs 5 Forward 
   Center                   Left Wing                Right Wing               Time % Phy DF OF 
 1 Steven Stamkos           Jakub Voracek            Jared McCann             32     1   2  2  
 2 Frans Nielsen            Dustin Brown             Tanner Pearson           29     1   2  2  
 3 Devin Shore              Erik Haula               Jake Virtanen            23     1   2  2  
 4 Lucas Wallmark           Loui Eriksson            Ryan Hartman             16     1   2  2  

5 vs 5 Defense 
   Defense                  Defense                                           Time % Phy DF OF 
 1 Nikita Zaitsev           Dougie Hamilton                                   40     1   2  2  
 2 Jake McCabe              Erik Gustafsson                                   35     1   2  2  
 3 Christian Folin          Karl Alzner                                       25     1   2  2  
 4 Nikita Zaitsev           Dougie Hamilton                                   0      1   2  2  

PowerPlay Forward 
   Center                   Left Wing                Right Wing               Time % Phy DF OF 
 1 Steven Stamkos           Jakub Voracek            Dustin Brown             60     1   2  2  
 2 Frans Nielsen            Jared McCann             Tanner Pearson           40     1   2  2  

PowerPlay Defense
   Defense                  Defense                                           Time % Phy DF OF 
 1 Nikita Zaitsev           Dougie Hamilton                                   60     1   2  2  
 2 Jake McCabe              Erik Gustafsson                                   40     1   2  2  

Penalty Kill 4 Players Forward 
   Center                   Wing                     Time % Phy DF OF 
 1 Steven Stamkos           Jakub Voracek            60     1   2  2  
 2 Dustin Brown             Frans Nielsen            40     1   2  2  

Penalty Kill 4 Players Defense
   Defense                  Defense                  Time % Phy DF OF 
 1 Nikita Zaitsev           Dougie Hamilton          60     1   2  2  
 2 Jake McCabe              Erik Gustafsson          40     1   2  2  

Penalty Kill - 3 Players Forward 
   Forward                                           Time % Phy DF OF 
 1 Steven Stamkos                                    60     1   2  2  
 2 Jakub Voracek                                     40     1   2  2  

Penalty Kill - 3 Players Defense
   Defense                  Defense                  Time % Phy DF OF 
 1 Nikita Zaitsev           Dougie Hamilton          60     1   2  2  
 2 Jake McCabe              Erik Gustafsson          40     1   2  2  

4 vs 4 Forward 
   Center                   Wing                     Time % Phy DF OF 
 1 Steven Stamkos           Jakub Voracek            60     1   2  2  
 2 Dustin Brown             Frans Nielsen            40     1   2  2  

4 vs 4 Defense
   Defense                  Defense                  Time % Phy DF OF 
 1 Nikita Zaitsev           Dougie Hamilton          60     1   2  2  
 2 Jake McCabe              Erik Gustafsson          40     1   2  2  

Last Minutes Offensive
   Center                   Left Wing                Right Wing               Defense                  Defense                  
   Steven Stamkos           Jakub Voracek            Dustin Brown             Nikita Zaitsev           Dougie Hamilton          

Last Minutes Defensive
   Center                   Left Wing                Right Wing               Defense                  Defense                  
   Steven Stamkos           Jakub Voracek            Dustin Brown             Nikita Zaitsev           Dougie Hamilton          

Goaltenders
Starting : Mike Smith               
Backup : Cory Schneider           

Extra Forwards
Normal : Devin Shore, Erik Haula, Jake Virtanen - PP : Devin Shore, Erik Haula - PK : Jake Virtanen
Extra Defensemen
Normal : Christian Folin, Karl Alzner, Jake McCabe - PP : Christian Folin - PK : Karl Alzner, Jake McCabe
Penalty Shots
Steven Stamkos, Jakub Voracek, Dustin Brown, Frans Nielsen, Jared McCann
Custom OT Lines Forwards
Steven Stamkos, Jakub Voracek, Dustin Brown, Frans Nielsen, Jared McCann, Tanner Pearson, Devin Shore, Erik Haula, Jake Virtanen, Loui Eriksson
Custom OT Lines Defensemen
Nikita Zaitsev, Dougie Hamilton, Jake McCabe, Erik Gustafsson, Christian Folin

Scratches
Trevor van Riemsdyk (Healthy), Kevin Porter (Healthy)

Flames

5 vs 5 Forward 
   Center                   Left Wing                Right Wing               Time % Phy DF OF 
 1 David Krejci             Anders Lee               Sam Reinhart             36     0   1  4  
 2 Jeff Carter              Pavel Zacha              Alex Chiasson            32     0   2  3  
 3 David Kampf              Ryan Donato              Nick Bjugstad            22     1   2  2  
 4 Victor Rask              Nate Thompson            Leo Komarov              10     1   3  1  

5 vs 5 Defense 
   Defense                  Defense                                           Time % Phy DF OF 
 1 David Savard             Drew Doughty                                      40     0   2  3  
 2 Victor Hedman            Nick Jensen                                       33     1   2  2  
 3 Alex Biega               Kevan Miller                                      17     2   2  1  
 4 Drew Doughty             Victor Hedman                                     10     0   2  3  

PowerPlay Forward 
   Center                   Left Wing                Right Wing               Time % Phy DF OF 
 1 David Krejci             Pavel Zacha              Sam Reinhart             60     0   0  5  
 2 Jeff Carter              Ryan Donato              Alex Chiasson            40     0   1  4  

PowerPlay Defense
   Defense                  Defense                                           Time % Phy DF OF 
 1 Drew Doughty             Victor Hedman                                     60     0   1  4  
 2 Nick Jensen              David Savard                                      40     0   1  4  

Penalty Kill 4 Players Forward 
   Center                   Wing                     Time % Phy DF OF 
 1 Nate Thompson            Leo Komarov              60     1   4  0  
 2 David Kampf              Pavel Zacha              40     0   4  1  

Penalty Kill 4 Players Defense
   Defense                  Defense                  Time % Phy DF OF 
 1 Kevan Miller             Nick Jensen              60     1   4  0  
 2 David Savard             Drew Doughty             40     1   4  0  

Penalty Kill - 3 Players Forward 
   Forward                                           Time % Phy DF OF 
 1 Nate Thompson                                     60     0   5  0  
 2 Pavel Zacha                                       40     0   5  0  

Penalty Kill - 3 Players Defense
   Defense                  Defense                  Time % Phy DF OF 
 1 Nick Jensen              Kevan Miller             60     0   5  0  
 2 David Savard             Drew Doughty             40     0   5  0  

4 vs 4 Forward 
   Center                   Wing                     Time % Phy DF OF 
 1 David Krejci             Sam Reinhart             60     0   2  3  
 2 Jeff Carter              Anders Lee               40     0   2  3  

4 vs 4 Defense
   Defense                  Defense                  Time % Phy DF OF 
 1 Victor Hedman            Drew Doughty             60     0   2  3  
 2 David Savard             Kevan Miller             40     0   3  2  

Last Minutes Offensive
   Center                   Left Wing                Right Wing               Defense                  Defense                  
   David Krejci             Anders Lee               Sam Reinhart             Drew Doughty             Victor Hedman            

Last Minutes Defensive
   Center                   Left Wing                Right Wing               Defense                  Defense                  
   Nate Thompson            Leo Komarov              David Kampf              Kevan Miller             Nick Jensen              

Goaltenders
Starting : Carey Price              
Backup : Curtis McElhinney        

Extra Forwards
Normal : Sam Reinhart, David Krejci, Anders Lee - PP : Sam Reinhart, Nick Bjugstad - PK : Pavel Zacha
Extra Defensemen
Normal : Drew Doughty, Victor Hedman, Nick Jensen - PP : Victor Hedman - PK : David Savard, Nick Jensen
Penalty Shots
Sam Reinhart, David Kampf, Nick Bjugstad, David Savard, Jeff Carter
Custom OT Lines Forwards
Sam Reinhart, Anders Lee, David Krejci, Alex Chiasson, Jeff Carter, Pavel Zacha, Nick Bjugstad, Ryan Donato, Nate Thompson, David Kampf
Custom OT Lines Defensemen
Drew Doughty, Victor Hedman, David Savard, Nick Jensen, Kevan Miller

Scratches
Brandon Manning (Healthy), Reid Petryk (Healthy), John Ramage (Healthy)

% Time on Ice - Senateurs

Lines # - Real PCT - Wanted PCT - Time Play
Normal Forward
1 - 33% - 32% - 16:48
2 - 27% - 29% - 14:04
3 - 22% - 23% - 11:16
4 - 18% - 16% - 9:11
Normal Defense
1 - 36% - 40% - 18:27
2 - 34% - 35% - 17:27
3 - 30% - 25% - 15:25
4 - 0% - 0% - 0:00
PP Forward
1 - 54% - 60% - 2:09
2 - 46% - 40% - 1:49
PP Defense
1 - 52% - 60% - 2:03
2 - 48% - 40% - 1:55
PK Forward
1 - 78% - 60% - 3:41
2 - 22% - 40% - 1:02
PK Defense
1 - 53% - 60% - 2:30
2 - 47% - 40% - 2:13
PK3 Forward
1 - 0% - 60%
2 - 0% - 40%
PK3 Defense
1 - 0% - 60%
2 - 0% - 40%
44 Forward
1 - 0% - 60%
2 - 0% - 40%
44 Defense
1 - 0% - 60%
2 - 0% - 40%
Last Minute Offensive  - 0:00
Last Minute Defensive  - 0:00
Total
Forward - 60:00
Defense - 60:00

% Time on Ice - Flames

Lines # - Real PCT - Wanted PCT - Time Play
Normal Forward
1 - 32% - 36% - 16:33
2 - 29% - 32% - 14:53
3 - 24% - 22% - 12:24
4 - 15% - 10% - 7:29
Normal Defense
1 - 40% - 40% - 20:38
2 - 33% - 33% - 17:05
3 - 22% - 17% - 11:08
4 - 5% - 10% - 2:28
PP Forward
1 - 52% - 60% - 2:28
2 - 48% - 40% - 2:15
PP Defense
1 - 58% - 60% - 2:44
2 - 42% - 40% - 1:59
PK Forward
1 - 82% - 60% - 3:16
2 - 18% - 40% - 0:42
PK Defense
1 - 59% - 60% - 2:21
2 - 41% - 40% - 1:37
PK3 Forward
1 - 0% - 60%
2 - 0% - 40%
PK3 Defense
1 - 0% - 60%
2 - 0% - 40%
44 Forward
1 - 0% - 60%
2 - 0% - 40%
44 Defense
1 - 0% - 60%
2 - 0% - 40%
Last Minute Offensive  - 0:00
Last Minute Defensive  - 0:00
Total
Forward - 60:00
Defense - 60:00

Play-by-Play

1st period


0:01 of 1st period - Steven Stamkos wins face-off versus David Krejci in neutral zone.
0:37 of 1st period - Off-side.
0:38 of 1st period - Devin Shore wins face-off versus David Kampf in neutral zone.
0:41 of 1st period - David Kampf is hit by Erik Haula and loses puck.
0:54 of 1st period - Snap shot by Erik Haula.
0:54 of 1st period - Stopped by Carey Price without a rebound.
0:55 of 1st period - Lucas Wallmark wins face-off versus Victor Rask in Flames zone.
0:58 of 1st period - Snap shot by Lucas Wallmark.
0:58 of 1st period - Shot Misses the Net.
2:04 of 1st period - Wrist shot by Loui Eriksson.
2:04 of 1st period - Stopped by Carey Price with a rebound.
2:08 of 1st period - Wrist shot by Loui Eriksson.
2:08 of 1st period - Stopped by Carey Price with a rebound.
2:10 of 1st period - Slapshot by Karl Alzner.
2:10 of 1st period - Shot Misses the Net.
2:12 of 1st period - Wrist shot by Loui Eriksson.
2:12 of 1st period - Stopped by Carey Price without a rebound.
2:13 of 1st period - David Kampf wins face-off versus Frans Nielsen in Flames zone.
2:13 of 1st period - David Kampf is hit by Tanner Pearson.
2:48 of 1st period - Wrist shot by David Krejci.
2:48 of 1st period - Shot Misses the Net.
2:50 of 1st period - Slapshot by Victor Hedman.
2:50 of 1st period - Shot Blocked by Jared McCann.
3:00 of 1st period - Snap shot by Steven Stamkos.
3:00 of 1st period - Stopped by Carey Price with a rebound.
3:02 of 1st period - Slapshot by Jake McCabe.
3:02 of 1st period - Deflect By Drew Doughty.
3:02 of 1st period - Stopped by Carey Price with a rebound.
3:22 of 1st period - Slapshot by Dustin Brown.
3:22 of 1st period - Stopped by Carey Price with a rebound.
3:24 of 1st period - Slapshot by Nikita Zaitsev.
3:24 of 1st period - Shot Misses the Net.
3:26 of 1st period - Wrist shot by Frans Nielsen.
3:26 of 1st period - Stopped by Carey Price without a rebound.
3:27 of 1st period - Pavel Zacha wins face-off versus Dustin Brown in Flames zone.
3:30 of 1st period - Backhand shot by Dustin Brown.
3:30 of 1st period - Shot Misses the Net.
3:38 of 1st period - Wrist shot by Pavel Zacha.
3:38 of 1st period - Stopped by Mike Smith with a rebound.
3:40 of 1st period - Wrist shot by Nick Jensen.
3:40 of 1st period - Shot Blocked by Christian Folin.
3:42 of 1st period - Snap shot by Nick Jensen.
3:42 of 1st period - Stopped by Mike Smith without a rebound.
3:43 of 1st period - Steven Stamkos wins face-off versus David Krejci in Senateurs zone.
3:43 of 1st period - Steven Stamkos is hit by Anders Lee.
4:09 of 1st period - Nick Bjugstad is hit by Erik Haula and loses puck.
5:34 of 1st period - Dougie Hamilton is hit by Victor Hedman.
5:58 of 1st period - Snap shot by Jake Virtanen.
5:58 of 1st period - Stopped by Carey Price without a rebound.
5:59 of 1st period - David Krejci wins face-off versus Devin Shore in Flames zone.
5:59 of 1st period - David Krejci is hit by Jake McCabe.
6:34 of 1st period - Wrist shot by Nick Bjugstad.
6:34 of 1st period - Stopped by Mike Smith with a rebound.
6:36 of 1st period - Wrist shot by David Kampf.
6:36 of 1st period - Deflect By Nick Bjugstad.
6:36 of 1st period - Shot Misses the Net.
6:36 of 1st period - Puck is out of play.
6:37 of 1st period - Pavel Zacha wins face-off versus Frans Nielsen in Senateurs zone.
6:42 of 1st period - Snap shot by Jeff Carter.
6:42 of 1st period - Shot Misses the Net.
7:07 of 1st period - Wrist shot by Steven Stamkos.
7:07 of 1st period - Deflect By Jakub Voracek.
7:07 of 1st period - Shot Misses the Net.
7:07 of 1st period - Puck is out of play.
7:08 of 1st period - David Krejci wins face-off versus Steven Stamkos in Flames zone.
7:36 of 1st period - Snap shot by Anders Lee.
7:36 of 1st period - Stopped by Mike Smith with a rebound.
7:38 of 1st period - Slapshot by Drew Doughty.
7:38 of 1st period - Deflect By Jake McCabe.
7:38 of 1st period - Stopped by Mike Smith without a rebound.
7:39 of 1st period - Jeff Carter wins face-off versus Frans Nielsen in Senateurs zone.
8:11 of 1st period - Devin Shore is hit by Victor Hedman and loses puck.
8:30 of 1st period - Wrist shot by Ryan Hartman.
8:30 of 1st period - Deflect By Victor Hedman.
8:30 of 1st period - Shot Misses the Net.
8:30 of 1st period - Puck is out of play.
8:31 of 1st period - Jeff Carter wins face-off versus Tanner Pearson in Flames zone.
9:38 of 1st period - Kevan Miller is hit by Jake McCabe.
9:43 of 1st period - Off-side.
9:44 of 1st period - Jeff Carter wins face-off versus Ryan Hartman in neutral zone.
10:19 of 1st period - Wrist shot by Loui Eriksson.
10:19 of 1st period - Shot Blocked by Drew Doughty.
10:21 of 1st period - Wrist shot by Ryan Hartman.
10:21 of 1st period - Stopped by Carey Price without a rebound.
10:22 of 1st period - David Krejci wins face-off versus Steven Stamkos in Flames zone.
10:22 of 1st period - David Krejci is hit by Jared McCann.
10:48 of 1st period - Kevan Miller is hit by Devin Shore and loses puck.
10:55 of 1st period - Snap shot by Erik Haula.
10:55 of 1st period - Stopped by Carey Price with a rebound.
11:46 of 1st period - Minor Penalty to Alex Chiasson for Hooking.
11:47 of 1st period - Nate Thompson wins face-off versus Steven Stamkos in Flames zone.
13:46 of 1st period - Penalty to Alex Chiasson is over, Alex Chiasson is back on ice.
14:59 of 1st period - Drew Doughty is hit by Ryan Hartman and loses puck.
15:12 of 1st period - Wrist shot by Leo Komarov.
15:12 of 1st period - Shot Blocked by Jake McCabe.
15:14 of 1st period - Snap shot by David Savard.
15:14 of 1st period - Shot Misses the Net.
16:47 of 1st period - Snap shot by Nate Thompson.
16:47 of 1st period - Shot Misses the Net.
16:49 of 1st period - Slapshot by Nick Jensen.
16:49 of 1st period - Stopped by Mike Smith without a rebound.
16:50 of 1st period - Steven Stamkos wins face-off versus Leo Komarov in Senateurs zone.
17:33 of 1st period - Alex Biega is hit by Nikita Zaitsev and loses puck.
18:30 of 1st period - Nikita Zaitsev is hit by Drew Doughty and loses puck.
19:45 of 1st period - Wrist shot by Jeff Carter.
19:45 of 1st period - Stopped by Mike Smith without a rebound.
19:46 of 1st period - David Krejci wins face-off versus Steven Stamkos in Senateurs zone.
19:53 of 1st period - Wrist shot by Sam Reinhart.
19:53 of 1st period - Shot Misses the Net.
19:55 of 1st period - Snap shot by David Savard.
19:55 of 1st period - Shot Misses the Net.
19:57 of 1st period - Slapshot by David Savard.
19:57 of 1st period - Stopped by Mike Smith with a rebound.
19:59 of 1st period - Snap shot by Sam Reinhart.
19:59 of 1st period - Stopped by Mike Smith with a rebound.
Goals for this period are 0 for Senateurs vs 0 for Flames.
Shots for this period are 11 for Senateurs vs 9 for Flames.

2nd period


0:01 of 2nd period - Anders Lee wins face-off versus Jared McCann in neutral zone.
0:22 of 2nd period - Minor Penalty to Jakub Voracek for Tripping.
0:23 of 2nd period - Steven Stamkos wins face-off versus David Krejci in Senateurs zone.
1:34 of 2nd period - Icing by Ryan Donato.
1:35 of 2nd period - Erik Haula wins face-off versus Jeff Carter in Flames zone.
2:22 of 2nd period - Penalty to Jakub Voracek is over, Jakub Voracek is back on ice.
2:37 of 2nd period - Off-side.
2:38 of 2nd period - David Kampf wins face-off versus Frans Nielsen in neutral zone.
3:14 of 2nd period - Wrist shot by Steven Stamkos.
3:14 of 2nd period - Stopped by Carey Price without a rebound.
3:15 of 2nd period - Frans Nielsen wins face-off versus David Krejci in Flames zone.
3:18 of 2nd period - Wrist shot by Frans Nielsen.
3:18 of 2nd period - Stopped by Carey Price with a rebound.
3:20 of 2nd period - Snap shot by Frans Nielsen.
3:20 of 2nd period - Shot Blocked by David Savard.
3:28 of 2nd period - Backhand shot by Dustin Brown.
3:28 of 2nd period - Shot Misses the Net.
4:02 of 2nd period - Icing by Nick Jensen.
4:03 of 2nd period - Steven Stamkos wins face-off versus Jeff Carter in Flames zone.
4:10 of 2nd period - Wrist shot by Jakub Voracek.
4:10 of 2nd period - Stopped by Carey Price with a rebound.
4:12 of 2nd period - Snap shot by Jared McCann.
4:12 of 2nd period - Stopped by Carey Price with a rebound.
4:14 of 2nd period - Wrist shot by Dougie Hamilton.
4:14 of 2nd period - Shot Blocked by Jeff Carter.
4:16 of 2nd period - Snap shot by Dougie Hamilton.
4:16 of 2nd period - Shot Blocked by Alex Chiasson.
4:18 of 2nd period - Snap shot by Jakub Voracek.
4:18 of 2nd period - Stopped by Carey Price with a rebound.
4:30 of 2nd period - Jeff Carter is hit by Nikita Zaitsev and loses puck.
4:53 of 2nd period - Snap shot by Jeff Carter.
4:53 of 2nd period - Shot Blocked by Nikita Zaitsev.
5:43 of 2nd period - Slapshot by Jeff Carter.
5:43 of 2nd period - Shot Blocked by Steven Stamkos.
5:45 of 2nd period - Snap shot by Nick Jensen.
5:45 of 2nd period - Shot Blocked by Jake McCabe.
6:11 of 2nd period - Snap shot by Alex Chiasson.
6:11 of 2nd period - Stopped by Mike Smith with a rebound.
6:13 of 2nd period - Slapshot by Victor Hedman.
6:13 of 2nd period - Goal by Victor Hedman - Senateurs : 0 - Flames : 1.
6:14 of 2nd period - Tanner Pearson wins face-off versus David Krejci in neutral zone.
6:49 of 2nd period - Wrist shot by Drew Doughty.
6:49 of 2nd period - Shot Hit the Post.
6:51 of 2nd period - Snap shot by David Kampf.
6:51 of 2nd period - Stopped by Mike Smith with a rebound.
7:07 of 2nd period - Wrist shot by Steven Stamkos.
7:07 of 2nd period - Shot Blocked by Nate Thompson.
7:09 of 2nd period - Slapshot by Karl Alzner.
7:09 of 2nd period - Shot Misses the Net.
7:11 of 2nd period - Snap shot by Steven Stamkos.
7:11 of 2nd period - Deflect By Jared McCann.
7:11 of 2nd period - Shot Hit the Post.
7:11 of 2nd period - Puck is out of play.
7:12 of 2nd period - Frans Nielsen wins face-off versus David Krejci in Flames zone.
7:21 of 2nd period - Snap shot by Frans Nielsen.
7:21 of 2nd period - Shot Misses the Net.
7:27 of 2nd period - Slapshot by Sam Reinhart.
7:27 of 2nd period - Deflect By Anders Lee.
7:27 of 2nd period - Shot Misses the Net.
7:27 of 2nd period - Puck is out of play.
7:28 of 2nd period - Steven Stamkos wins face-off versus David Kampf in Senateurs zone.
7:53 of 2nd period - Tanner Pearson is hit by David Savard and loses puck.
8:00 of 2nd period - Wrist shot by Anders Lee.
8:00 of 2nd period - Shot Misses the Net.
8:02 of 2nd period - Snap shot by Anders Lee.
8:02 of 2nd period - Stopped by Mike Smith with a rebound.
8:16 of 2nd period - Wrist shot by Dougie Hamilton.
8:16 of 2nd period - Stopped by Carey Price without a rebound.
8:17 of 2nd period - Devin Shore wins face-off versus Victor Rask in Flames zone.
8:28 of 2nd period - Snap shot by Erik Haula.
8:28 of 2nd period - Shot Misses the Net.
8:30 of 2nd period - Wrist shot by Jake McCabe.
8:30 of 2nd period - Stopped by Carey Price with a rebound.
8:43 of 2nd period - Wrist shot by David Krejci.
8:43 of 2nd period - Goal by David Krejci - Senateurs : 0 - Flames : 2.
8:44 of 2nd period - Frans Nielsen wins face-off versus David Krejci in neutral zone.
9:13 of 2nd period - Snap shot by Jakub Voracek.
9:13 of 2nd period - Shot Blocked by Drew Doughty.
9:15 of 2nd period - Slapshot by Karl Alzner.
9:15 of 2nd period - Shot Blocked by Jeff Carter.
9:17 of 2nd period - Wrist shot by Steven Stamkos.
9:17 of 2nd period - Shot Misses the Net.
9:32 of 2nd period - Off-side.
9:33 of 2nd period - David Kampf wins face-off versus Devin Shore in neutral zone.
9:36 of 2nd period - Slapshot by Victor Hedman.
9:36 of 2nd period - Stopped by Mike Smith without a rebound.
9:37 of 2nd period - Frans Nielsen wins face-off versus David Krejci in Senateurs zone.
9:37 of 2nd period - Frans Nielsen is hit by Anders Lee.
9:51 of 2nd period - Wrist shot by David Krejci.
9:51 of 2nd period - Stopped by Mike Smith without a rebound.
9:52 of 2nd period - David Kampf wins face-off versus Steven Stamkos in Senateurs zone.
9:53 of 2nd period - Slapshot by Ryan Donato.
9:53 of 2nd period - Stopped by Mike Smith with a rebound.
9:55 of 2nd period - Snap shot by Ryan Donato.
9:55 of 2nd period - Stopped by Mike Smith without a rebound.
9:56 of 2nd period - Steven Stamkos wins face-off versus David Kampf in Senateurs zone.
10:11 of 2nd period - Snap shot by Ryan Donato.
10:11 of 2nd period - Stopped by Mike Smith without a rebound.
10:12 of 2nd period - David Krejci wins face-off versus Frans Nielsen in Senateurs zone.
10:51 of 2nd period - Slapshot by Steven Stamkos.
10:51 of 2nd period - Stopped by Carey Price with a rebound.
11:03 of 2nd period - Snap shot by Erik Haula.
11:03 of 2nd period - Stopped by Carey Price without a rebound.
11:04 of 2nd period - Jake Virtanen wins face-off versus David Kampf in Flames zone.
11:05 of 2nd period - Snap shot by Devin Shore.
11:05 of 2nd period - Shot Blocked by Nick Jensen.
11:11 of 2nd period - Ryan Donato is hit by Jake Virtanen and loses puck.
11:20 of 2nd period - Wrist shot by Ryan Donato.
11:20 of 2nd period - Shot Blocked by Nikita Zaitsev.
11:22 of 2nd period - Slapshot by David Kampf.
11:22 of 2nd period - Stopped by Mike Smith without a rebound.
11:23 of 2nd period - David Krejci wins face-off versus Frans Nielsen in Senateurs zone.
12:38 of 2nd period - Backhand shot by Nate Thompson.
12:38 of 2nd period - Shot Blocked by Loui Eriksson.
12:40 of 2nd period - Wrist shot by Leo Komarov.
12:40 of 2nd period - Stopped by Mike Smith with a rebound.
13:52 of 2nd period - Wrist shot by Dustin Brown.
13:52 of 2nd period - Shot Blocked by Nate Thompson.
13:54 of 2nd period - Snap shot by Frans Nielsen.
13:54 of 2nd period - Shot Misses the Net.
13:56 of 2nd period - Snap shot by Dustin Brown.
13:56 of 2nd period - Goal by Dustin Brown - Senateurs : 1 - Flames : 2.
13:57 of 2nd period - David Krejci wins face-off versus Steven Stamkos in neutral zone.
14:04 of 2nd period - Jakub Voracek is hit by Anders Lee.
14:31 of 2nd period - Wrist shot by Pavel Zacha.
14:31 of 2nd period - Shot Misses the Net.
14:37 of 2nd period - Snap shot by Tanner Pearson.
14:37 of 2nd period - Shot Blocked by David Kampf.
14:47 of 2nd period - Wrist shot by Erik Haula.
14:47 of 2nd period - Shot Misses the Net.
14:49 of 2nd period - Wrist shot by Erik Gustafsson.
14:49 of 2nd period - Deflect By Nate Thompson.
14:49 of 2nd period - Stopped by Carey Price with a rebound.
14:51 of 2nd period - Slapshot by Erik Haula.
14:51 of 2nd period - Shot Misses the Net.
14:53 of 2nd period - Wrist shot by Erik Haula.
14:53 of 2nd period - Stopped by Carey Price without a rebound.
14:54 of 2nd period - Steven Stamkos wins face-off versus David Krejci in Flames zone.
16:30 of 2nd period - Slapshot by Jakub Voracek.
16:30 of 2nd period - Stopped by Carey Price with a rebound.
17:07 of 2nd period - Snap shot by Ryan Donato.
17:07 of 2nd period - Stopped by Mike Smith without a rebound.
17:08 of 2nd period - Steven Stamkos wins face-off versus David Krejci in Senateurs zone.
17:22 of 2nd period - Drew Doughty is hit by Dougie Hamilton and loses puck.
18:16 of 2nd period - Ryan Donato is hit by Lucas Wallmark and loses puck.
18:23 of 2nd period - Wrist shot by Loui Eriksson.
18:23 of 2nd period - Shot Misses the Net.
18:25 of 2nd period - Wrist shot by Lucas Wallmark.
18:25 of 2nd period - Shot Misses the Net.
19:37 of 2nd period - Karl Alzner is hit by David Krejci and loses puck.
Goals for this period are 1 for Senateurs vs 2 for Flames.
Shots for this period are 13 for Senateurs vs 13 for Flames.

3rd period


0:01 of 3rd period - Steven Stamkos wins face-off versus David Krejci in neutral zone.
0:04 of 3rd period - Slapshot by Erik Gustafsson.
0:04 of 3rd period - Stopped by Carey Price with a rebound.
0:10 of 3rd period - Wrist shot by Drew Doughty.
0:10 of 3rd period - Shot Blocked by Jake McCabe.
0:12 of 3rd period - Wrist shot by Anders Lee.
0:12 of 3rd period - Shot Misses the Net.
0:26 of 3rd period - Jake McCabe is hit by Pavel Zacha and loses puck.
0:36 of 3rd period - Victor Hedman is hit by Tanner Pearson and loses puck.
0:56 of 3rd period - Erik Gustafsson is hit by Victor Hedman.
1:06 of 3rd period - Minor Penalty to Victor Hedman for Holding.
1:07 of 3rd period - Nate Thompson wins face-off versus Steven Stamkos in Flames zone.
2:47 of 3rd period - Jakub Voracek is hit by Ryan Donato and loses puck.
3:06 of 3rd period - Penalty to Victor Hedman is over, Victor Hedman is back on ice.
3:21 of 3rd period - Minor Penalty to Erik Haula for Slashing.
3:22 of 3rd period - David Krejci wins face-off versus Steven Stamkos in Senateurs zone.
3:27 of 3rd period - Snap shot by Sam Reinhart.
3:27 of 3rd period - Shot Misses the Net.
3:29 of 3rd period - Slapshot by Victor Hedman.
3:29 of 3rd period - Stopped by Mike Smith with a rebound.
3:31 of 3rd period - Backhand shot by Pavel Zacha.
3:31 of 3rd period - Stopped by Mike Smith with a rebound.
3:33 of 3rd period - Slapshot by Victor Hedman.
3:33 of 3rd period - Stopped by Mike Smith with a rebound.
3:47 of 3rd period - Drew Doughty is hit by Dustin Brown and loses puck.
5:21 of 3rd period - Penalty to Erik Haula is over, Erik Haula is back on ice.
6:04 of 3rd period - Slapshot by Anders Lee.
6:04 of 3rd period - Shot Blocked by Karl Alzner.
6:06 of 3rd period - Wrist shot by Anders Lee.
6:06 of 3rd period - Shot Misses the Net.
7:00 of 3rd period - Icing by Dustin Brown.
7:01 of 3rd period - Victor Rask wins face-off versus Frans Nielsen in Senateurs zone.
7:02 of 3rd period - Slapshot by Victor Hedman.
7:02 of 3rd period - Shot Blocked by Christian Folin.
7:08 of 3rd period - Dustin Brown is hit by Jeff Carter and loses puck.
7:55 of 3rd period - Snap shot by Dustin Brown.
7:55 of 3rd period - Goal by Dustin Brown - Senateurs : 2 - Flames : 2.
7:56 of 3rd period - Steven Stamkos wins face-off versus David Krejci in neutral zone.
8:09 of 3rd period - Snap shot by Jakub Voracek.
8:09 of 3rd period - Shot Misses the Net.
9:24 of 3rd period - Icing by Tanner Pearson.
9:25 of 3rd period - Frans Nielsen wins face-off versus Jeff Carter in Senateurs zone.
10:08 of 3rd period - Wrist shot by Steven Stamkos.
10:08 of 3rd period - Goal by Steven Stamkos - Senateurs : 3 - Flames : 2.
10:09 of 3rd period - David Krejci wins face-off versus Frans Nielsen in neutral zone.
10:34 of 3rd period - Erik Haula is hit by David Kampf and loses puck.
10:41 of 3rd period - Snap shot by Nick Bjugstad.
10:41 of 3rd period - Shot Misses the Net.
10:43 of 3rd period - Slapshot by Nick Jensen.
10:43 of 3rd period - Stopped by Mike Smith without a rebound.
10:44 of 3rd period - David Krejci wins face-off versus Steven Stamkos in Senateurs zone.
11:33 of 3rd period - Wrist shot by Ryan Donato.
11:33 of 3rd period - Shot Blocked by Karl Alzner.
11:49 of 3rd period - Wrist shot by Loui Eriksson.
11:49 of 3rd period - Shot Misses the Net.
11:51 of 3rd period - Snap shot by Christian Folin.
11:51 of 3rd period - Stopped by Carey Price with a rebound.
11:53 of 3rd period - Snap shot by Loui Eriksson.
11:53 of 3rd period - Goal by Loui Eriksson - Senateurs : 4 - Flames : 2.
11:54 of 3rd period - Steven Stamkos wins face-off versus David Krejci in neutral zone.
12:28 of 3rd period - Wrist shot by Frans Nielsen.
12:28 of 3rd period - Shot Blocked by Drew Doughty.
12:30 of 3rd period - Wrist shot by Tanner Pearson.
12:30 of 3rd period - Shot Misses the Net.
12:32 of 3rd period - Snap shot by Nikita Zaitsev.
12:32 of 3rd period - Deflect By Frans Nielsen.
12:32 of 3rd period - Stopped by Carey Price with a rebound.
12:44 of 3rd period - Backhand shot by Erik Gustafsson.
12:44 of 3rd period - Stopped by Carey Price without a rebound.
12:45 of 3rd period - David Kampf wins face-off versus Lucas Wallmark in Flames zone.
12:57 of 3rd period - Off-side.
12:58 of 3rd period - Steven Stamkos wins face-off versus David Krejci in neutral zone.
13:05 of 3rd period - Slapshot by Jakub Voracek.
13:05 of 3rd period - Stopped by Carey Price without a rebound.
13:06 of 3rd period - David Krejci wins face-off versus Steven Stamkos in Flames zone.
13:11 of 3rd period - Dougie Hamilton is hit by Anders Lee and loses puck.
13:34 of 3rd period - Wrist shot by Anders Lee.
13:34 of 3rd period - Shot Misses the Net.
13:36 of 3rd period - Slapshot by Victor Hedman.
13:36 of 3rd period - Stopped by Mike Smith with a rebound.
13:38 of 3rd period - Wrist shot by Sam Reinhart.
13:38 of 3rd period - Shot Misses the Net.
13:40 of 3rd period - Slapshot by Victor Hedman.
13:40 of 3rd period - Deflect By David Krejci.
13:40 of 3rd period - Stopped by Mike Smith without a rebound.
13:41 of 3rd period - Jeff Carter wins face-off versus Frans Nielsen in Senateurs zone.
13:48 of 3rd period - Wrist shot by Jeff Carter.
13:48 of 3rd period - Shot Misses the Net.
13:50 of 3rd period - Slapshot by David Savard.
13:50 of 3rd period - Shot Misses the Net.
13:52 of 3rd period - Slapshot by David Savard.
13:52 of 3rd period - Shot Blocked by Erik Gustafsson.
14:06 of 3rd period - Erik Gustafsson is hit by Nick Bjugstad and loses puck.
14:15 of 3rd period - Slapshot by Nick Bjugstad.
14:15 of 3rd period - Shot Blocked by Jake McCabe.
14:26 of 3rd period - Off-side.
14:27 of 3rd period - Victor Rask wins face-off versus Lucas Wallmark in neutral zone.
14:30 of 3rd period - Slapshot by Drew Doughty.
14:30 of 3rd period - Shot Blocked by Lucas Wallmark.
14:42 of 3rd period - Snap shot by Ryan Hartman.
14:42 of 3rd period - Shot Misses the Net.
14:54 of 3rd period - Steven Stamkos is hit by David Krejci and loses puck.
15:00 of 3rd period - Off-side.
15:01 of 3rd period - David Kampf wins face-off versus Devin Shore in neutral zone.
15:04 of 3rd period - Jake Virtanen is hit by Kevan Miller and loses puck.
15:37 of 3rd period - Wrist shot by Anders Lee.
15:37 of 3rd period - Stopped by Mike Smith with a rebound.
15:39 of 3rd period - Snap shot by David Krejci.
15:39 of 3rd period - Shot Blocked by Christian Folin.
15:41 of 3rd period - Snap shot by Sam Reinhart.
15:41 of 3rd period - Shot Misses the Net.
16:27 of 3rd period - Slapshot by Steven Stamkos.
16:27 of 3rd period - Goal by Steven Stamkos - Senateurs : 5 - Flames : 2.
16:28 of 3rd period - David Krejci wins face-off versus Frans Nielsen in neutral zone.
16:35 of 3rd period - Snap shot by Sam Reinhart.
16:35 of 3rd period - Shot Blocked by Dougie Hamilton.
17:24 of 3rd period - Slapshot by Loui Eriksson.
17:24 of 3rd period - Shot Blocked by Nick Jensen.
17:26 of 3rd period - Wrist shot by Nikita Zaitsev.
17:26 of 3rd period - Shot Blocked by Nick Jensen.
17:28 of 3rd period - Slapshot by Ryan Hartman.
17:28 of 3rd period - Stopped by Carey Price without a rebound.
17:29 of 3rd period - Frans Nielsen wins face-off versus Jeff Carter in Flames zone.
17:32 of 3rd period - Snap shot by Frans Nielsen.
17:32 of 3rd period - Shot Misses the Net.
17:44 of 3rd period - Wrist shot by Dustin Brown.
17:44 of 3rd period - Deflect By Frans Nielsen.
17:44 of 3rd period - Shot Misses the Net.
17:44 of 3rd period - Puck is out of play.
17:45 of 3rd period - David Kampf wins face-off versus Steven Stamkos in Flames zone.
17:50 of 3rd period - Slapshot by Drew Doughty.
17:50 of 3rd period - Shot Misses the Net.
17:52 of 3rd period - Snap shot by David Kampf.
17:52 of 3rd period - Stopped by Mike Smith without a rebound.
17:53 of 3rd period - Steven Stamkos wins face-off versus David Kampf in Senateurs zone.
17:53 of 3rd period - Steven Stamkos is hit by Drew Doughty.
18:47 of 3rd period - Wrist shot by Jakub Voracek.
18:47 of 3rd period - Shot Blocked by Drew Doughty.
19:01 of 3rd period - Snap shot by Jakub Voracek.
19:01 of 3rd period - Stopped by Carey Price without a rebound.
19:02 of 3rd period - David Krejci wins face-off versus Frans Nielsen in Flames zone.
19:07 of 3rd period - Slapshot by Victor Hedman.
19:07 of 3rd period - Deflect By Dougie Hamilton.
19:07 of 3rd period - Stopped by Mike Smith with a rebound.
19:09 of 3rd period - Snap shot by Sam Reinhart.
19:09 of 3rd period - Shot Blocked by Dougie Hamilton.
19:14 of 3rd period - Minor Penalty to Dustin Brown for Hooking.
19:15 of 3rd period - Steven Stamkos wins face-off versus David Krejci in Senateurs zone.
19:31 of 3rd period - Wrist shot by Sam Reinhart.
19:31 of 3rd period - Shot Misses the Net.
19:54 of 3rd period - Frans Nielsen is hit by Jeff Carter and loses puck.
Goals for this period are 4 for Senateurs vs 0 for Flames.
Shots for this period are 11 for Senateurs vs 9 for Flames.